 Dungeon Crawl Stone Soup version 0.29-a0-553-g81b289dbe5 (webtiles) character file.

Game seed: 17097745163868553548

9658 wdlvb the Covert (level 11, -2/52 HPs)
             Began as a Spriggan Enchanter on June 6, 2022.
             Was a Believer of Dithmenos.
             Slain by a six-headed hydra (13 damage)
             ... on level 11 of the Dungeon.
             The game lasted 00:27:14 (16383 turns).

wdlvb the Covert (Spriggan Enchanter)              Turns: 16383, Time: 00:27:15

Health: -2/52      AC:  6    Str: 14      XL:     11   Next: 25%
Magic:  17/27      EV: 19    Int: 15 (17) God:    Dithmenos [**....]
Gold:   115        SH:  5    Dex: 15 (16) Spells: 22/33 levels left

rFire   + + .      SeeInvis +   l - +2 dagger (venom)
rCold   . . .      Faith    .   (no shield)
rNeg    . . .      Spirit   .   B - +2 robe {rF+}
rPois   .          Reflect  +   (helmet restricted)
rElec   +          Harm     .   p - +1 cloak
rCorr   .          Rampage  .   (gloves unavailable)
Will    ++...                   (boots unavailable)
Stlth   +++++++...              g - amulet of reflection
HPRegen 0.17/turn               q - ring of Accord {rElec rF+ Will+ Str+6}
MPRegen 0.20/turn               r - ring of wizardry

@: wreathed by umbra, very quick
A: very small, no large weapons, unfitting armour, see invisible, speed 3,
deterioration 2, MP-powered wands
a: Renounce Religion, Shadow Step


You were on level 11 of the Dungeon.
You worshipped Dithmenos.
Dithmenos was pleased with you.
You visited 2 branches of the dungeon, and saw 12 of its levels.

You collected 1391 gold pieces.
You spent 1276 gold pieces at shops.

Inventory:

Hand Weapons
 a - a +1 vorpal dagger
 l - a +2 dagger of venom (weapon)
 o - a +0 rapier of venom
 v - a +3 dagger
Missiles
 w - 23 poisoned darts (quivered)
 x - 4 throwing nets
Armour
 p - a +1 cloak (worn)
 B - a +2 robe of fire resistance (worn)
 E - +0 steam dragon scales
 H - a +2 robe of cold resistance
Jewellery
 d - a ring of flight
 e - a ring of resist corrosion
 g - an amulet of reflection (around neck)
 h - a ring of willpower
 q - the ring of Accord (left hand) {rElec rF+ Will+ Str+6}
   (You bought it in a shop on level 8 of the Dungeon)

   [ring of strength]

   Str:       It affects your strength (+6).
   rF:        It protects you from fire.
   rElec:     It insulates you from electricity.
   Will:      It increases your willpower.
 r - a ring of wizardry (right hand)
 F - a ring of ice
Wands
 b - a wand of iceblast (10)
 u - a wand of flame (25)
 z - a wand of polymorph (5)
 A - a wand of paralysis (14)
 D - a wand of acid (12)
 I - a wand of mindburst (9)
Scrolls
 f - 4 scrolls of teleportation
 m - a scroll of blinking
 s - 2 scrolls of fog
 y - a scroll of summoning
 C - 2 scrolls of poison
Potions
 c - a potion of invisibility
 i - 3 potions of brilliance
 j - 8 potions of curing
 k - 3 potions of magic
 n - a potion of lignification
 t - 3 potions of ambrosia
 G - a potion of heal wounds
 J - a potion of cancellation {unknown}


   Skills:
 + Level 3.0 Fighting
 + Level 4.3 Short Blades
 + Level 5.8 Dodging
 + Level 14.4 Stealth
 + Level 11.8 Spellcasting
 + Level 12.1 Hexes


You had 22 spell levels left.
You knew the following spells:

 Your Spells              Type           Power      Damage    Failure   Level
a - Ensorcelled Hibernat  Hex/Ice        54%        N/A       1%          2
b - Tukima's Dance        Hex            45%        N/A       1%          3
c - Dazzling Flash        Conj/Hex       54%        N/A       1%          3
d - Confusing Touch       Hex            45%        N/A       1%          3

Your spell library contained the following spells:

 Spells                   Type           Power      Damage    Failure   Level
 Sting                    Tmut/Pois      32%        1d4       3%          1
 Poisonous Vapours        Pois/Air       16%        N/A       4%          2
 Metabolic Englaciation   Hex/Ice        13%        N/A       8%          5
 Ozocubu's Armour         Ice            8%         N/A       10%         3
 Airstrike                Air            4%         N/A       32%         4
 Olgreb's Toxic Radiance  Pois           8%         N/A       32%         4
 Summon Lightning Spire   Summ/Air       8%         N/A       32%         4
 Lightning Bolt           Conj/Air       4%         1d15      63%         5
 Discord                  Hex            22%        N/A       78%         8
 Conjure Ball Lightning   Conj/Air       4%         3x3d6     99%         6
 Simulacrum               Ice/Necr       4%         N/A       99%         6
 Disjunction              Tloc           4%         N/A       100%        8


Dungeon Overview and Level Annotations

Branches:
Dungeon (11/15)            Temple (1/1) D:6
   Lair: D:8-11         Orc: D:9-12

Altars:
Ashenzari
Cheibriados
Dithmenos
Elyvilon
Fedhas
Gozag
Hepliaklqana
Kikubaaqudgha
Makhleb
Nemelex Xobeh
Okawaru
Qazlal
Ru
Sif Muna
Trog
Uskayaw
Vehumet
Wu Jian
Xom
Yredelemnul
Zin
The Shining One

Shops:
D:8 =   D:9 ?

Annotations:
D:6 2 transporters, HessuHobo's ghost, novice OgFi
D:8 2 transporters, stabb's ghost, novice DjFE
D:10 1 runed translucent door, blade888's ghost, journeyman DsIE


Innate Abilities, Weirdness & Mutations

You are very small and have problems with some larger weapons.
You are too small for most types of armour.
You have supernaturally acute eyesight. (SInv)
You cover ground extremely quickly. (Speed+++)
Your body often deteriorates upon taking damage.
You expend magic power (3 MP) to strengthen your wands.


Message History

You hear a shout!
An arrow appears from out of your range of vision.
The arrow hits your +0 shortbow!
A curare-tipped dart appears from out of your range of vision.
The curare-tipped dart hits your +0 shortbow.
An arrow appears from out of your range of vision.
The arrow hits your +0 shortbow.
Your +0 shortbow falls from the air.
The centaur shoots an arrow.
The arrow hits you.
Casting: Tukima's Dance (safe; 1% risk of failure)
Confirm with . or Enter, or press ? or * to list all spells.
Aiming: Tukima's Dance (safe; 1% risk of failure)
Press: ? - help, Shift-Dir - straight line, f - centaur, p - centaur
Aim: a centaur, wielding a +0 shortbow (chance to affect: 69%)
The +0 shortbow dances into the air!
Something hits your +0 shortbow but does no damage.
Unknown command.
Unknown command.
Casting: Tukima's Dance (safe; 1% risk of failure)
Confirm with . or Enter, or press ? or * to list all spells.
Aiming: Ensorcelled Hibernation (safe; 1% risk of failure)
Press: ? - help, Shift-Dir - straight line, f - six-headed hydra, p - centaur
Aim: a six-headed hydra (umbra, chance to affect: 24%)
The six-headed hydra resists with almost no effort.
Something hits your +0 shortbow!
Something hits your +0 shortbow.
An arrow appears from out of your range of vision.
The arrow closely misses your +0 shortbow.
Casting: Ensorcelled Hibernation (safe; 1% risk of failure)
Confirm with . or Enter, or press ? or * to list all spells.
Aiming: Ensorcelled Hibernation (safe; 1% risk of failure)
Press: ? - help, Shift-Dir - straight line, f/p - six-headed hydra
Aim: a six-headed hydra (umbra, chance to affect: 24%)
The six-headed hydra resists with almost no effort.
The six-headed hydra bites you. The six-headed hydra bites you! x2
Your body deteriorates!
You feel clumsy. The six-headed hydra bites you!
* * * LOW HITPOINT WARNING * * *
You block the six-headed hydra's attack.
The six-headed hydra bites you!
You die...

#....<.......
#............
#.......)....
#...(......##
....o...c...#
.....o....c..#
.#......o#o..#
.....#.##.D.#
#...@# ###.##
##


You could see a six-headed hydra, 2 centaurs, an orc and a friendly +0 shortbow.

Vanquished Creatures
  Harold (D:10)
  Fannar (D:10)
  A two-headed ogre (D:7)
  Pikel (D:7)
  Prince Ribbit (D:9)
  A shadow (D:9)
  A wraith (D:10)
  2 wyverns
  9 yaks
  3 steam dragons
  Eustachio (D:4)
  Menkaure (D:7)
  3 acid dragons
  Duvessa (D:4)
  A water moccasin (D:6)
  An ice beast (D:6)
  3 orc warriors
  A sky beast (D:8)
  3 black bears
  2 ogres (D:7)
  3 centaurs
  2 lemures (D:7)
  A phantom (D:5)
  3 kobold brigands
  A necrophage (D:7)
  A gnoll sergeant (D:10)
  2 scorpions
  8 wights
  Dowan (D:4)
  5 killer bees
  A howler monkey (D:4)
  6 orc priests
  4 jellies
  2 gnoll shamans
  Crazy Yiuf (D:6)
  7 iguanas
  Natasha (thrice) (D:2)
  3 orc wizards
  11 gnolls
  9 adders
  A shadow imp (D:5)
  3 white imps
  2 worms
  3 dart slugs
  25 orcs
  15 ball pythons
  8 endoplasms
  2 giant cockroaches
  8 hobgoblins
  12 kobolds
  3 quokkas
  2 bats (D:2)
  4 frilled lizards (D:1)
  6 goblins
  2 rats
208 creatures vanquished.

Vanquished Creatures (collateral kills)
  Edmund (D:5)
  A gnoll sergeant (D:9)
  8 wights
  An orc priest (D:8)
  An orc wizard (D:8)
  11 gnolls
  2 orcs (D:8)
25 creatures vanquished.

Vanquished Creatures (others)
  11 dancing weapons
  An electric eel (D:8)
  2 gnolls (D:7)
  An orc (D:8)
  A kobold (D:9)
16 creatures vanquished.

Grand Total: 249 creatures vanquished

Notes
Turn   | Place    | Note
-------+----------+-------------------------------------------
     0 | D:1      | wdlvb the Spriggan Enchanter began the quest for the Orb.
     0 | D:1      | Reached XP level 1. HP: 9/9 MP: 5/5
   215 | D:1      | Reached XP level 2. HP: 13/13 MP: 7/7
   218 | D:1      | Learned a level 2 spell: Ensorcelled Hibernation
   802 | D:1      | Found a faded altar of an unknown god.
  1073 | D:2      | Reached XP level 3. HP: 6/16 MP: 3/9
  1525 | D:2      | Noticed Natasha
  1532 | D:2      | Killed Natasha
  1533 | D:2      | Reached XP level 4. HP: 14/21 MP: 8/11
  1537 | D:2      | Learned a level 3 spell: Tukima's Dance
  1541 | D:2      | Learned a level 3 spell: Confusing Touch
  1545 | D:2      | Learned a level 3 spell: Dazzling Flash
  1630 | D:2      | Reached skill level 5 in Hexes
  1657 | D:2      | Noticed Natasha
  1664 | D:2      | Killed Natasha
  2251 | D:2      | Noticed Natasha
  2260 | D:2      | Killed Natasha
  2849 | D:3      | Reached XP level 5. HP: 24/24 MP: 13/13
  3030 | D:3      | Found a broken altar of Ashenzari.
  3202 | D:3      | Reached skill level 5 in Spellcasting
  3694 | D:3      | Reached skill level 5 in Stealth
  3775 | D:4      | Noticed a black bear
  3786 | D:4      | Killed a black bear
  3787 | D:4      | Reached XP level 6. HP: 16/28 MP: 9/15
  3994 | D:4      | Noticed Duvessa
  3994 | D:4      | Noticed Dowan
  4035 | D:4      | Killed Duvessa
  4036 | D:4      | Reached skill level 6 in Stealth
  4039 | D:4      | Killed Dowan
  4318 | D:4      | Reached XP level 7. HP: 28/32 MP: 14/17
  4692 | D:4      | Noticed Eustachio
  4700 | D:4      | Killed Eustachio
  4701 | D:4      | Reached skill level 7 in Stealth
  5251 | D:5      | Entered Level 5 of the Dungeon
  5355 | D:5      | Noticed Edmund
  5365 | D:5      | Killed Edmund
  5378 | D:5      | Reached skill level 8 in Stealth
  5884 | D:5      | Noticed an angel
  5888 | D:5      | Found a shimmering altar of Xom.
  5889 | D:5      | Found a glowing silver altar of Zin.
  5904 | D:5      | Reached XP level 8. HP: 24/36 MP: 9/19
  6309 | D:5      | Found an ornate altar of the Wu Jian Council.
  6390 | D:6      | Noticed HessuHobo's ghost (novice OgFi)
  6621 | D:6      | Reached skill level 9 in Stealth
  6939 | D:6      | Identified a scroll of acquirement
  6939 | D:6      | Acquired 751 gold pieces
  7076 | D:6      | Found a runed translucent door.
  7077 | D:6      | Noticed Crazy Yiuf
  7174 | D:6      | Killed Crazy Yiuf
  7408 | D:6      | Reached skill level 10 in Stealth
  7451 | D:6      | Found a transporter.
  7460 | D:6      | Reached XP level 9. HP: 36/39 MP: 19/22
  7512 | D:6      | Found a transporter.
  7663 | D:6      | Found a staircase to the Ecumenical Temple.
  7711 | Temple   | Entered the Ecumenical Temple
  7980 | Temple   | Became a worshipper of Dithmenos the Shadowed
  8877 | D:7      | Found a radiant altar of Vehumet.
  9001 | D:7      | Noticed Pikel
  9020 | D:7      | Killed Pikel
  9021 | D:7      | Reached skill level 11 in Stealth
  9021 | D:7      | Reached skill level 10 in Hexes
  9373 | D:7      | Noticed Menkaure
  9392 | D:7      | Killed Menkaure
  9632 | D:6      | Reached skill level 12 in Stealth
  9632 | D:6      | Reached skill level 10 in Spellcasting
  9867 | D:7      | Found an opulent altar of Gozag.
  9867 | D:7      | Found a blossoming altar of Fedhas.
 11166 | D:8      | Reached XP level 10. HP: 38/44 MP: 8/25
 11179 | D:8      | Noticed a two-headed ogre
 11188 | D:8      | Reached * piety under Dithmenos
 11224 | D:7      | Killed a two-headed ogre
 11225 | D:7      | Reached skill level 13 in Stealth
 11473 | D:8      | Found a transporter.
 11474 | D:8      | Noticed a death knight
 12233 | D:8      | Found Tampomas's Jewellery Shoppe.
 12337 | D:8      | Noticed a cyclops
 12403 | D:8      | Noticed stabb's ghost (novice DjFE)
 12404 | D:8      | Found a transporter.
 12827 | D:8      | Gained mutation: Your body sometimes deteriorates upon
                  | taking damage. [potion of mutation]
 12827 | D:8      | Gained mutation: Your body often deteriorates upon taking
                  | damage. [potion of mutation]
 12827 | D:8      | Gained mutation: You expend magic power (3 MP) to
                  | strengthen your wands. [potion of mutation]
 12894 | D:8      | Bought the ring of Accord {rElec rF+ Will+ Str+6} for 1276
                  | gold pieces
 13105 | D:9      | Reached skill level 1 in Fighting
 13419 | D:9      | Found Pizusch's Magic Scroll Shop.
 13525 | D:9      | Reached ** piety under Dithmenos
 14112 | D:9      | Noticed Prince Ribbit
 14121 | D:9      | Killed Prince Ribbit
 14620 | D:10     | Entered Level 10 of the Dungeon
 14880 | D:10     | Reached skill level 14 in Stealth
 15014 | D:10     | Noticed Fannar
 15024 | D:10     | Killed Fannar
 15025 | D:10     | Reached skill level 5 in Dodging
 15025 | D:10     | Reached XP level 11. HP: 38/51 MP: 13/27
 15339 | D:10     | Found a sparkling altar of Nemelex Xobeh.
 15948 | D:10     | Found a runed translucent door.
 15949 | D:10     | Found a shimmering altar of Xom.
 15949 | D:10     | Noticed blade888's ghost (journeyman DsIE)
 15950 | D:10     | Noticed a +0 dire flail of chaos
 16033 | D:10     | Noticed Harold
 16057 | D:10     | Killed Harold
 16337 | D:11     | Noticed a six-headed hydra
 16383 | D:11     | Slain by a six-headed hydra

Illustrated notes

Levels and vault maps discovered:
D:1:      eino_arrival_cavern_e, layout_basic,
          ebering_ecumenical_altar_abandoned
D:2:      layout_loops_ring, st_stairs_7, uniq_natasha
D:3:      layout_basic, mainiacjoe_overflow_brackets
D:4:      layout_loops_ring, solitary_fountain, chequers_serial_rivers_room_b,
          kennysheep_cross_bottleneck, uniq_eustachio, uniq_duvessa
D:5:      layout_rooms, grunt_temple_overflow_order_and_chaos_1,
          kennysheep_mini, uniq_edmund
D:6:      layout_basic, temple_pool_b, gammafunk_ghost_stat_death,
          hangedman_abyss_or_decor_stagger, uniq_crazy_yiuf_cottage
D:7:      layout_loops_ring, amcnicky_altar_gilded,
          gammafunk_temple_overflow_pools, uniq_pikel, uniq_menkaure
D:8:      layout_basic, gammafunk_ghost_arena, serial_shops,
          nicolae_shop_hallway_plus, kennysheep_potato
D:9:      layout_irregular_city, serial_shops, nicolae_shop_stone,
          uniq_prince_ribbit1
D:10:     layout_stronghold, mainiacjoe_overflow_six_doors_small,
          ebering_ghost_xom, uniq_harold, uniq_fannar
D:11:     layout_big_octagon, david_lair_shrubbed
Temple:   minmay_temple_curvy_branch

Skill      XL: |  1  2  3  4  5  6  7  8  9 10 11 |
---------------+----------------------------------+-----
Spellcasting   | 3 4 5 6 7 8 10 11 | 11.8
Hexes          | 4 5 6 7 9 10 11 12 | 12.1
Stealth        | 5 6 8 10 12 14 | 14.4
Dodging        | 5 |  5.8
Short Blades   | 3 4 |  4.3
Fighting       | 2 3 |  3.0

Action                   |  1- 3 |  4- 6 |  7- 9 | 10-12 || total
-------------------------+-------+-------+-------+-------++-------
Melee: Dagger            |    78 |   106 |   225 |   226 ||   635
       Punch             |     1 |     1 |     7 |     3 ||    12
 Cast: Ensorcelled Hiber |     3 |    15 |    71 |    31 ||   120
       Confusing Touch   |       |     2 |    11 |     6 ||    19
       Tukima's Dance    |       |     1 |    13 |    37 ||    51
Evoke: Wand              |       |       |     6 |       ||     6
  Use: Scroll            |     6 |     4 |    11 |     5 ||    26
       Potion            |       |     2 |     3 |     4 ||     9
 Stab: Sleeping          |    10 |    18 |    52 |    31 ||   111
       Distracted        |     1 |       |       |     1 ||     2
       Confused          |       |     2 |     9 |     4 ||    15
       Invisible         |       |       |       |     6 ||     6
Armor: Robe              |     7 |    10 |    27 |    17 ||    61
Dodge: Dodged            |    73 |    79 |   185 |   198 ||   535
Block: Other             |       |       |       |    28 ||    28

Table legend: (Time is in decaauts)
 A = Elapsed time spent in this place.
 B = Non-inter-level travel time spent in this place.
 C = Inter-level travel time spent in this place.
 D = Time resting spent in this place.
 E = Time spent auto-exploring this place.
 F = Levels seen in this place.
 G = Mean time per level.
                   A        B        C        D        E       F      G
               +--------+--------+--------+--------+--------+-----+--------+
         Total |  13271 |  12949 |    322 |   2458 |   8783 |  12 | 1105.9 |
       Dungeon |  13089 |  12794 |    295 |   2458 |   8629 |  11 | 1189.9 |
        Temple |    182 |    155 |     27 |      0 |    154 |   1 |  182.0 |
               +--------+--------+--------+--------+--------+-----+--------+

Top non-repeatable levels by time:
     D:7: 2321 daAuts
     D:6: 1856 daAuts
     D:8: 1407 daAuts
     D:2: 1383 daAuts
    D:10: 1371 daAuts
     D:9: 1253 daAuts
     D:4: 1184 daAuts
     D:5: 906 daAuts
     D:1: 718 daAuts
     D:3: 675 daAuts
  Temple: 182 daAuts
    D:11: 12 daAuts
